 Dungeon Crawl Stone Soup version 0.31-a0-149-g3fdcc5976a (webtiles) character file.

Game seed: 9766738207007492686

22304 tilp the Covert (level 12, 0/97 HPs)
             Began as a Vampire Enchanter on June 8, 2023.
             Was an Elder of Wu Jian.
             Killed from afar by a rime drake (13 damage)
             ... with an icy flash freeze
             ... on level 2 of the Lair of Beasts.
             The game lasted 00:27:42 (14948 turns).

tilp the Covert (Vampire Enchanter)                Turns: 14948, Time: 00:27:42

Health: 0/97       AC:  9    Str:  7    XL:     12   Next: 61%
Magic:  15/22      EV: 14    Int: 23    God:    Wu Jian [****..]
Gold:   566        SH:  0    Dex: 14    Spells: 8/25 levels left

rFire   . . .        a - +5 dagger (freeze)
rCold   . . .        (no shield)
rNeg    . . .        R - +2 robe "Neareras" {Regen+ rCorr}
rPois   .            l - +0 helmet
rElec   .            X - +0 cloak
rCorr   +            s - +1 pair of gloves
SInv    +            Q - +0 pair of boots
Will    ++...        x - amulet of the acrobat
Stlth   +++++        q - ring of willpower
HPRegen 1.36/turn    H - ring of wizardry
MPRegen 0.18/turn

%: acrobat, wizardry (x1)
@: confusing by touch, healing quickly
A: alive, fangs 3, see invisible, vampiric 2
a: Exsanguinate, Renounce Religion, Wall Jump, Serpent's Lash


You were on level 2 of the Lair of Beasts.
You worshipped Wu Jian.
Wu Jian was greatly pleased with you.
You visited 2 branches of the dungeon, and saw 13 of its levels.
You also visited: Sewer.

You collected 686 gold pieces.
You spent 120 gold pieces at shops.

Inventory:

Hand Weapons
 a - a +5 dagger of freezing (weapon)
 b - a +3 dagger of freezing
 C - the +4 quarterstaff of Saltpetre {freeze, Will+}
   (You found it on level 6 of the Dungeon)

   Will:      It increases your willpower.
Missiles
 i - 22 boomerangs (quivered)
 m - 17 javelins
 p - 29 poisoned darts
 E - 2 curare-tipped darts
 N - 10 atropa-tipped darts
 Z - 2 throwing nets
Armour
 l - a +0 helmet (worn)
 s - a +1 pair of gloves (worn)
 v - a +2 robe of the Archmagi
 w - an orb of guile
 Q - a +0 pair of boots (worn)
 R - the +2 robe "Neareras" (worn) {Regen+ rCorr}
   (You found it on level 9 of the Dungeon)

   Regen:     It increases your rate of health regeneration.
   rCorr:     It protects you from acid and corrosion.
 X - a +0 cloak (worn)
Magical Staves
 d - the staff of conjuration "Pamuppu" {rElec Int+3 Dex-2}
   (You found it on level 5 of the Dungeon)

   [staff of conjuration]

   Base accuracy: +5 Base damage: 5 Base attack delay: 1.2 This weapon's minimum
   attack delay (0.6) is reached at skill level 12.
   Int:       It affects your intelligence (+3).
   Dex:       It affects your dexterity (-2).
   rElec:     It insulates you from electricity.
   It falls into the 'Staves' category.
   It is a one-handed weapon.
 G - a staff of fire
Jewellery
 q - a ring of willpower (left hand)
 x - an amulet of the acrobat (around neck)
 H - a ring of wizardry (right hand)
 K - a ring of positive energy
Wands
 f - a wand of polymorph (13)
 o - a wand of light (7)
 y - a wand of mindburst (9)
 I - a wand of roots (3)
 L - a wand of charming (9)
 M - a wand of flame (5)
Scrolls
 h - 2 scrolls of immolation
 k - 7 scrolls of teleportation
 z - 2 scrolls of fog
 D - a scroll of butterflies
 F - 4 scrolls of poison
 J - a scroll of vulnerability
 P - a scroll of torment
 T - a scroll of identify
 U - 2 scrolls of blinking
 V - a scroll of fear
Potions
 c - 2 potions of invisibility
 e - 3 potions of lignification
 g - 3 potions of berserk rage
 j - 2 potions of might
 n - a potion of enlightenment
 r - 3 potions of ambrosia
 t - a potion of cancellation
 u - 3 potions of curing
 A - 2 potions of magic
 B - 3 potions of attraction
 O - 2 potions of brilliance
 S - a potion of mutation
 Y - 2 potions of heal wounds
Miscellaneous
 W - a phial of floods


   Skills:
 * Level 10.1 Fighting
 - Level 10.0 Short Blades
 * Level 1.1 Armour
 + Level 6.1 Dodging
 + Level 12.1 Stealth
 * Level 7.2 Spellcasting
 * Level 2.4 Conjurations
 + Level 10.1 Hexes
 - Level 4.0 Translocations
 - Level 4.0 Ice Magic
 + Level 4.1 Evocations


You had 8 spell levels left.
You knew the following spells:

 Your Spells              Type           Power      Damage    Failure   Level
a - Ensorcelled Hibernat  Hex/Ice        80%        N/A       1%          2
b - Confusing Touch       Hex            53%        N/A       1%          3
c - Tukima's Dance        Hex            53%        N/A       1%          3
d - Dazzling Flash        Conj/Hex       74%        N/A       1%          3
e - Blink                 Tloc           52%        N/A       1%          2
f - Anguish               Hex/Necr       15%        N/A       4%          4

Your spell library contained the following spells:

 Spells                   Type           Power      Damage    Failure   Level
 Lesser Beckoning         Tloc           52%        N/A       1%          2
 Momentum Strike          Conj/Tloc      46%        3d9       1%          2
 Frozen Ramparts          Ice            52%        1d8       1%          3
 Inner Flame              Hex/Fire       31%        N/A       1%          3
 Sting                    Tmut/Pois      32%        1d4       3%          1
 Passwall                 Tmut/Erth      6%         N/A       4%          2
 Poisonous Vapours        Pois/Air       16%        N/A       4%          2
 Scorch                   Fire           16%        2d5       4%          2
 Sublimation of Blood     Necr           8%         N/A       4%          2
 Volatile Blastmotes      Fire/Tloc      34%        2d12      4%          3
 Spider Form              Tmut/Pois      8%         N/A       9%          3
 Swiftness                Air            8%         N/A       9%          3
 Iskenderun's Mystic Bla  Conj/Tloc      23%        2d6       9%          4
 Ice Form                 Ice/Tmut       17%        N/A       13%         4
 Summon Ice Beast         Ice/Summ       17%        N/A       13%         4
 Flame Wave               Conj/Fire      13%        2d6       17%         4
 Sticky Flame             Conj/Fire      13%        2d4       17%         4
 Animate Dead             Necr           8%         N/A       28%         4
 Olgreb's Toxic Radiance  Pois           8%         N/A       28%         4
 Petrify                  Tmut/Erth      8%         N/A       28%         4
 Irradiate                Conj/Tmut      6%         3d13      43%         5
 Starburst                Conj/Fire      6%         6d4       93%         6
 Summon Cactus Giant      Summ           4%         N/A       98%         6
 Haunt                    Necr/Summ      4%         N/A       100%        7
 Infestation              Necr           4%         N/A       100%        8


Dungeon Overview and Level Annotations

Branches:
Dungeon (11/15)            Temple (0/1) D:7            Lair (2/5) D:10
  Sewer (visited)
  Swamp: Lair:2-3    Shoals: Lair:2-3     Snake: Lair:2-3    Spider: Lair:2-3
    Orc: D:9-12

Altars:
Fedhas
Gozag
Hepliaklqana
Kikubaaqudgha
Nemelex Xobeh
Qazlal
Ru
Trog
Uskayaw
Wu Jian
Yredelemnul

Shops:
D:1 *   D:2 *   D:5 =

Annotations:
D:7 3 runed translucent doors, Turgor's ghost, novice KoEn


Innate Abilities, Weirdness & Mutations

Your natural rate of healing is accelerated.
You have razor-sharp teeth.
You have supernaturally acute eyesight. (SInv)
You are afflicted with vampirism and can become a bat while bloodless.


Message History

The elephant is almost dead.
You hit the elephant but do no damage.
The elephant is almost dead.
The elephant tramples you.
* * * LOW HITPOINT WARNING * * *
You stumble backwards!
The elephant misses you.
The elephant trunk-slaps you but does no damage.
Unknown command.
Unknown command.
You spin and attack the elephant repeatedly.
You hit the elephant but do no damage.
The elephant is almost dead.
You hit the elephant but do no damage.
The elephant is almost dead.
The ice encasing you melts away. The elephant tramples you!
* * * LOW HITPOINT WARNING * * *
You stumble backwards!
Unknown command.
Unknown command.
You hit the elephant. You freeze the elephant.
You bite the elephant, but do no damage.
The elephant is almost dead.
The elephant barely misses you. x2
Unknown command.
Aiming: Mindburst
Press: ? - help, Shift-Dir - straight line, f/p - elephant
Aim: an elephant (almost dead, chance to affect: 47%)
The elephant's mind is blasted!
You blow up the elephant!
The Council accepts your kill.
Unknown command.
Unknown command.
Unknown command.
Casting: Ensorcelled Hibernation (safe; 1% risk of failure)
Confirm with . or Enter, or press ? or * to list all spells.
Your hands begin to glow red.
The rime drake breathes ice at you. The icy flash freeze hits you!
You die...

#..####...#.......##.#.....
.....#.........<....###...#####
...###[.##.#........#P.#.## ..
.....###...#..........#
.#.#.#P.##.....>......##P#
.............†.....#####
###.##.P####....#...##.#. #.
#.## #P....k........ # #.#
##.##@#..#..... #.##..#.##...#
#.##.##......#
#.#.#..##P.##....
#...............
#................
..#P#..#.##...... ####....
.!.... ##P...##..#.


You could see a rime drake (catching breath).

Vanquished Creatures
  3 two-headed ogres
  A boulder beetle (D:11)
  A skyshark (Lair:1)
  Pikel (D:7)
  6 elephants (Lair:2)
  Joseph (D:7)
  4 molten gargoyles (D:11)
  4 black mambas (Lair:1)
  3 cane toads (Lair:1)
  Psyche (D:11)
  2 unseen horrors
  A kobold demonologist (D:11)
  3 komodo dragons
  A troll (D:11)
  A shadow (D:9)
  Sigmund (D:4)
  A vampire (D:10)
  3 wraiths
  23 yaks
  3 wyverns (D:9)
  Eustachio (D:3)
  A basilisk (Lair:1)
  3 steam dragons
  Menkaure (D:5)
  3 vampire mosquitoes (D:11)
  An acid dragon (D:9)
  6 water moccasins
  4 orc warriors
  2 ice beasts
  A sky beast (D:7)
  Pargi (Sewer)
  5 black bears
  An ogre (D:5)
  2 wolves (Lair:1)
  2 centaurs
  4 lemures (D:7)
  4 kobold brigands
  A phantom (D:5)
  11 bullfrogs
  3 scorpions
  A wight (D:7)
  6 killer bees
  2 howler monkeys
  8 orc priests
  8 hounds
  3 gnoll boudas
  2 jellies
  3 iguanas
  A sleepcap (D:7)
  Natasha (thrice) (D:3)
  12 orc wizards
  Robin (D:3)
  6 adders
  13 gnolls
  A white imp (D:5)
  An ufetubus (D:6)
  4 worms
  6 dart slugs
  43 orcs
  6 endoplasms
  2 giant cockroaches
  21 goblins
  12 hobgoblins
  3 jackals (D:2)
  16 kobolds
  4 quokkas
  15 ball pythons
  3 bats
  6 frilled lizards
  3 rats
336 creatures vanquished.

Vanquished Creatures (collateral kills)
  3 wights (D:7)
3 creatures vanquished.

Grand Total: 339 creatures vanquished

Notes
Turn   | Place    | Note
-------+----------+-------------------------------------------
     0 | D:1      | tilp the Vampire Enchanter began the quest for the Orb.
     0 | D:1      | Reached XP level 1. HP: 13/13 MP: 3/3
   359 | D:1      | Reached XP level 2. HP: 14/20 MP: 5/5
   362 | D:1      | Learned a level 2 spell: Ensorcelled Hibernation
   396 | D:1      | Found a faded altar of an unknown god.
   493 | D:1      | Found Gowem's General Store.
   498 | D:1      | Bought a scroll of identify for 22 gold pieces
   692 | D:1      | Reached skill level 1 in Fighting
   818 | D:1      | Gained mutation: You are afflicted with vampirism and can
                  | become a bat while bloodless. [Vampire growth]
   818 | D:1      | Reached XP level 3. HP: 25/26 MP: 6/6
  1464 | D:2      | Found Roumn's Assorted Antiques.
  1481 | D:2      | Learned a level 3 spell: Confusing Touch
  1483 | D:2      | Bought a brown potion for 23 gold pieces
  1673 | D:2      | Reached XP level 4. HP: 31/32 MP: 7/7
  1689 | D:2      | Learned a level 3 spell: Tukima's Dance
  2005 | D:2      | Bought a scroll labelled NEESUY CUOHI for 26 gold pieces
  2212 | D:3      | Noticed Robin
  2234 | D:3      | Killed Robin
  2319 | D:3      | Reached skill level 5 in Stealth
  2629 | D:3      | Reached XP level 5. HP: 38/38 MP: 9/9
  2717 | D:3      | Found a basalt altar of Yredelemnul.
  3138 | D:3      | Found a bloodstained altar of Trog.
  3561 | D:1      | Bought a +0 pair of gloves for 49 gold pieces
  3676 | D:4      | Noticed Eustachio
  3676 | D:4      | Noticed Natasha
  3698 | D:3      | Killed Eustachio
  3699 | D:3      | Reached skill level 5 in Hexes
  3699 | D:3      | Reached XP level 6. HP: 7/46 MP: 3/11
  3795 | D:3      | Killed Natasha
  3895 | D:3      | Found a bloodstained altar of Trog.
  4215 | D:3      | Found a basalt altar of Yredelemnul.
  4769 | D:3      | Noticed Natasha
  4777 | D:3      | Killed Natasha
  4901 | D:3      | Found a bloodstained altar of Trog.
  4943 | D:3      | Noticed Natasha
  4948 | D:3      | Killed Natasha
  4999 | D:4      | Noticed Sigmund
  5009 | D:4      | Killed Sigmund
  5010 | D:4      | Reached XP level 7. HP: 47/52 MP: 7/12
  5422 | D:4      | Found an ornate altar of the Wu Jian Council.
  5433 | D:4      | Became a worshipper of the Wu Jian Council
  5592 | D:5      | Entered Level 5 of the Dungeon
  5618 | D:5      | Identified the staff of conjuration "Pamuppu" {rElec Int+3
                  | Dex-2}
  5660 | D:5      | Found a glowing drain.
  5678 | Sewer    | Entered a sewer
  5738 | Sewer    | Noticed Pargi
  5895 | Sewer    | Killed Pargi
  5896 | Sewer    | Reached skill level 6 in Stealth
  6054 | D:5      | Noticed a two-headed ogre
  6181 | D:5      | Noticed Menkaure
  6183 | D:5      | Killed Menkaure
  6184 | D:5      | Reached skill level 1 in Evocations
  6184 | D:5      | Reached XP level 8. HP: 60/60 MP: 14/14
  6235 | D:5      | Reached * piety under Wu Jian
  6289 | D:5      | Found Xawiqamp's Jewellery Shop.
  6487 | D:5      | Killed a two-headed ogre
  6488 | D:5      | Reached skill level 5 in Short Blades
  6488 | D:5      | Reached skill level 7 in Stealth
  6488 | D:5      | Reached skill level 5 in Spellcasting
  6492 | D:5      | Learned a level 3 spell: Dazzling Flash
  6495 | D:5      | Learned a level 2 spell: Blink
  6554 | D:5      | Reached skill level 5 in Fighting
  6937 | D:5      | Reached skill level 1 in Translocations
  6937 | D:5      | Reached XP level 9. HP: 68/68 MP: 13/16
  7141 | D:6      | Found an ancient bone altar of Kikubaaqudgha.
  7147 | D:6      | Identified the +4 quarterstaff of Saltpetre {freeze, Will+}
  7446 | D:6      | Reached skill level 8 in Stealth
  7814 | D:6      | Found an opulent altar of Gozag.
  7898 | D:6      | Reached ** piety under Wu Jian
  7924 | D:6      | Found a sacrificial altar of Ru.
  8052 | D:7      | Noticed Joseph
  8054 | D:7      | Killed Joseph
  8142 | D:7      | Reached skill level 9 in Stealth
  8202 | D:7      | Found a runed translucent gate.
  8209 | D:7      | Found a staircase to the Ecumenical Temple.
  8247 | D:7      | Found a runed translucent gate.
  8248 | D:7      | Found a runed translucent gate.
  8257 | D:7      | Noticed Turgor's ghost (novice KoEn)
  8299 | D:7      | Reached XP level 10. HP: 76/76 MP: 12/17
  8404 | D:7      | Reached skill level 10 in Stealth
  8769 | D:7      | Noticed Pikel
  8906 | D:7      | Killed Pikel
  8907 | D:7      | Reached skill level 10 in Short Blades
  9195 | D:8      | Reached *** piety under Wu Jian
  9652 | D:8      | Reached skill level 1 in Conjurations
  9656 | D:8      | Reached skill level 1 in Ice Magic
 10136 | D:8      | Learned a level 4 spell: Anguish
 10239 | D:9      | Found a blossoming altar of Fedhas.
 10254 | D:9      | Found a hazy altar of Hepliaklqana.
 10491 | D:9      | Identified the +2 hand axe "Juihyigg" {protect, rF+ rCorr
                  | Dex-2}
 10520 | D:9      | You fall into a shaft and drop 1 floor!
 10520 | D:10     | Entered Level 10 of the Dungeon
 10626 | D:10     | Found a hide-covered altar of Uskayaw.
 10787 | D:10     | HP: 2/77 [wraith (11)]
 10791 | D:10     | Reached **** piety under Wu Jian
 10797 | D:10     | Reached XP level 11. HP: 36/83 MP: 8/19
 10928 | D:10     | Noticed a two-headed ogre
 10931 | D:10     | Killed a two-headed ogre
 11091 | D:9      | Found a stormy altar of Qazlal.
 11091 | D:9      | Found a sparkling altar of Nemelex Xobeh.
 11273 | D:9      | Identified the +2 robe "Neareras" {Regen+ rCorr}
 11418 | D:9      | Reached skill level 5 in Dodging
 11843 | D:10     | Found a staircase to the Lair.
 12494 | D:11     | Noticed a boulder beetle
 12495 | D:11     | Noticed a two-headed ogre
 12496 | D:11     | Killed a boulder beetle
 12503 | D:11     | Reached skill level 11 in Stealth
 12618 | D:11     | Killed a two-headed ogre
 12657 | D:11     | Noticed Psyche
 12836 | D:11     | Killed Psyche
 13374 | Lair:1   | Entered Level 1 of the Lair of Beasts
 13396 | Lair:1   | Reached XP level 12. HP: 52/92 MP: 1/22
 13714 | Lair:1   | Reached skill level 10 in Hexes
 13754 | Lair:1   | Reached skill level 12 in Stealth
 14606 | Lair:2   | Reached skill level 10 in Fighting
 14608 | Lair:2   | Reached ***** piety under Wu Jian
 14940 | Lair:2   | HP: 2/97 [elephant (12)]
 14941 | Lair:2   | Reached skill level 1 in Armour
 14948 | Lair:2   | Killed from afar by a rime drake

Illustrated notes

Levels and vault maps discovered:
D:1:      dpeg_arrival_morbid_curiosity, layout_loops_corners, serial_shops,
          nicolae_shop_stone, hellmonk_ecumenical_altar_leap_of_faith,
          dk_noncrumbling_2, minmay_tromino_mix6
D:2:      layout_basic, serial_shops, shop
D:3:      corexii_shack_village, layout_loops_corners, lemuel_round_altar,
          amcnicky_altar_gilded, serial_bayou_ford_a,
          hangedman_abyss_or_decor_stabs, minmay_door_square, uniq_robin
D:4:      layout_rooms, mainiacjoe_overflow_surrounded_room,
          kennysheep_generic_room_3, uniq_eustachio, uniq_natasha, uniq_sigmund
D:5:      layout_basic, serial_shops, shop, cheibrodos_sewer_entry_bend,
          minivault_27, uniq_menkaure
D:6:      layout_basic, dreamdust_divine_triumvirate,
          mainiacjoe_overflow_brackets, grunt_gozag_breadcrumbs,
          nicolae_overflow_hidden_temple, kennysheep_pointless_box,
          kennysheep_generic_room_6
D:7:      layout_gridville, minmay_temple_entry_drinking_statues,
          gammafunk_ghost_split, minmay_diced_spiral, uniq_joseph, uniq_pikel
D:8:      layout_loops_ring
D:9:      layout_stronghold, mainiacjoe_overflow_large_starburst, minitemple
D:10:     layout_basic, mainiacjoe_overflow_alcove_1, david_lair_shrubbed,
          grunt_ministairs_13
D:11:     layout_long_grid, minivault_8, uniq_psyche
Lair:1:   layout_chaotic_city, st_stairs_12, minmay_shattered_shrine
Lair:2:   layout_loops_ring, nicolae_shoals_entry_flooding, uniq_nergalle

Skill      XL: |  1  2  3  4  5  6  7  8  9 10 11 12 |
---------------+-------------------------------------+-----
Fighting       | 1 2 3 5 6 8 10 | 10.1
Short Blades   | 2 3 4 5 8 10 | 10.0
Stealth        | 5 6 7 9 10 11 12 | 12.1
Spellcasting   | 3 4 5 7 |  7.2
Dodging        | 3 4 6 |  6.1
Hexes          | 5 6 7 8 9 10 | 10.1
Evocations     | 1 2 3 4 |  4.1
Translocations | 1 2 3 4 |  4.0
Conjurations   | 2 |  2.4
Ice Magic      | 1 3 4 |  4.0
Armour         | 1 |  1.1

Action                     |  1- 3 |  4- 6 |  7- 9 | 10-12 || total
---------------------------+-------+-------+-------+-------++-------
  Melee: Dagger            |    84 |    85 |   216 |   547 ||   932
         Bite              |     8 |     4 |    22 |    75 ||   109
         Punch             |       |       |     2 |    10 ||    12
  Throw: Boomerang         |       |       |     1 |     1 ||     2
   Cast: Ensorcelled Hiber |       |    18 |    72 |   134 ||   224
         Confusing Touch   |       |     1 |     5 |    28 ||    34
         Tukima's Dance    |       |       |       |     6 ||     6
         Anguish           |       |       |       |     3 ||     3
         Dazzling Flash    |       |       |       |     5 ||     5
 Invoke: Serpent's Lash    |       |       |       |     2 ||     2
Ability: Lunge             |       |       |    24 |    48 ||    72
         Whirlwind         |       |       |     3 |    55 ||    58
         Wall Jump         |       |       |       |     1 ||     1
  Evoke: Wand              |       |       |       |     1 ||     1
    Use: Scroll            |     7 |     7 |     9 |    13 ||    36
         Potion            |       |       |     1 |     2 ||     3
   Stab: Sleeping          |    14 |    18 |    70 |    97 ||   199
         Confused          |       |       |     4 |    20 ||    24
         Distracted        |       |       |     1 |       ||     1
         Invisible         |       |       |       |     7 ||     7
 Armour: Robe              |    15 |    18 |    40 |    94 ||   167
  Dodge: Dodged            |    29 |    30 |   110 |   300 ||   469

Table legend: (Time is in decaauts)
 A = Elapsed time spent in this place.
 B = Non-inter-level travel time spent in this place.
 C = Inter-level travel time spent in this place.
 D = Time resting spent in this place.
 E = Time spent auto-exploring this place.
 F = Levels seen in this place.
 G = Mean time per level.
                   A        B        C        D        E       F      G
               +--------+--------+--------+--------+--------+-----+--------+
         Total |  14796 |  14079 |    717 |   1266 |  10238 |  14 | 1056.9 |
       Dungeon |  13017 |  12307 |    710 |    957 |   9260 |  11 | 1183.4 |
          Lair |   1523 |   1517 |      6 |    252 |    942 |   2 |  761.5 |
         Sewer |    255 |    255 |      0 |     57 |     35 |   1 |  255.0 |
               +--------+--------+--------+--------+--------+-----+--------+

Top non-repeatable levels by time:
     D:3: 2656 daAuts
  Lair:1: 1375 daAuts
     D:1: 1373 daAuts
     D:5: 1297 daAuts
     D:9: 1073 daAuts
     D:7: 1062 daAuts
     D:8: 1051 daAuts
    D:10: 1041 daAuts
    D:11: 1024 daAuts
     D:2: 933 daAuts
     D:6: 875 daAuts
     D:4: 628 daAuts
   Sewer: 255 daAuts
  Lair:2: 147 daAuts
